 Dungeon Crawl Stone Soup version 0.25-a0-589-g1e14c549ee (webtiles) character file.

Game seed: 16345335164791623198, levelgen mode: deterministic

1899 kae the Schismatic (level 8, -2/64 HPs)
             Began as a Demonspawn Abyssal Knight on Mar 11, 2020.
             Was an Elder of Lugonu.
             Shot with an arrow by a centaur (8 damage)
             ... on level 8 of the Dungeon.
             The game lasted 00:06:23 (8390 turns).

kae the Schismatic (Demonspawn Abyssal Knight)      Turns: 8390, Time: 00:06:23

Health: -2/64      AC: 10    Str: 15    XL:     8   Next: 93%
Magic:  0/13       EV: 11    Int: 17    God:    Lugonu [****..]
Gold:   494        SH:  0    Dex: 23    Spells: 7/7 levels left

rFire    . . .     SeeInvis .   i - +2 mace (protect)
rCold    + . .     Gourm    .   (no shield)
rNeg     . . .     Faith    .   A - +4 ring mail "Fifuup" {rC+ Int+4 Dex+4}
rPois    +         Spirit   +   (no helmet)
rElec    .         Reflect  .   (no cloak)
rCorr    .         Harm     .   (no gloves)
MR       .....                  (no boots)
Stlth    +.........             f - amulet of magic regeneration
HPRegen  0.20/turn              p - +6 ring of dexterity
MPRegen  0.38/turn              o - ring of poison resistance

@: no status effects
A: hooves 1, magic shield
a: Depart the Abyss, Bend Space, Banish, Corrupt, Renounce Religion


You were on level 8 of the Dungeon.
You worshipped Lugonu.
Lugonu was greatly pleased with you.
You were not hungry.

You visited 1 branch of the dungeon, and saw 8 of its levels.
You visited the Abyss 1 time.
You also visited: Ossuary.

You collected 494 gold pieces.

Inventory:

Hand Weapons
 a - a +1 vorpal mace
 i - a +2 mace of protection (weapon)
Armour
 A - the +4 ring mail "Fifuup" (worn) {rC+ Int+4 Dex+4}
   (You found it on level 6 of the Dungeon)

   It affects your intelligence (+4).
   It affects your dexterity (+4).
   It protects you from cold.
Jewellery
 f - an amulet of magic regeneration (around neck)
 o - a ring of poison resistance (right hand)
 p - a +6 ring of dexterity (left hand)
 y - a +2 ring of protection
Wands
 m - a wand of paralysis (9)
 x - a wand of enslavement (11)
Scrolls
 e - 5 scrolls of remove curse
 j - 5 scrolls of teleportation
 t - 2 scrolls of fog
 w - 2 scrolls of magic mapping
Potions
 d - 3 potions of cancellation
 g - 3 potions of curing
 h - 3 potions of stabbing
 k - 3 potions of flight
 n - 4 potions of haste
 q - 2 potions of might
 r - a potion of degeneration
 s - a potion of mutation
 u - 2 potions of lignification
 v - 4 potions of heal wounds {unknown}
 B - a potion of invisibility
Comestibles
 c - 13 rations


   Skills:
 + Level 5.9 Fighting
 * Level 7.0 Maces & Flails
 + Level 5.0 Armour
 - Level 1.0 Dodging
 + Level 7.1 Invocations


You had 7 spell levels left.
You didn't know any spells.
Your spell library contained the following spells:

 Spells                   Type           Power        Failure   Level  Hunger
 Corona                   Hex            #......      41%         1    ##.....
 Slow                     Hex            #.......     54%         2    ###....
 Inner Flame              Hex/Fire       #.......     78%         3    ####...
 Portal Projectile        Hex/Tloc       #.....       78%         3    ####...
 Cause Fear               Hex            #.........   99%         4    #####..
 Leda's Liquefaction      Hex/Erth       #.........   99%         4    #####..


Dungeon Overview and Level Annotations

Branches:
Dungeon (8/15)             Temple (0/1) D:6         Ossuary (visited)
   Lair: D:8-11

Altars:
Vehumet

Shops:
D:6 (


Innate Abilities, Weirdness & Mutations

You have large cloven feet.
When hurt, damage is shared between your health and your magic reserves.


Message History

* * * LOW HITPOINT WARNING * * *
You feel better.
The orc warrior hits you with a +0 trident!
* * * LOW HITPOINT WARNING * * *
You feel better.
The orc warrior hits you with a +0 trident!
* * * LOW HITPOINT WARNING * * *
You feel better.
The orc warrior hits you but does no damage.
Space bends sharply around you!
You blink.
Space bends around you!
You blink.
There is a stone staircase leading down here.
The orc warrior hits you from afar with a +0 trident!
* * * LOW HITPOINT WARNING * * *
You climb downwards.
A centaur comes into view.
The centaur shouts!
You hear an angry buzzing noise.
The centaur wields a +0 shortbow.
The centaur shoots an arrow.
The arrow hits you!
You die...

########
##[.....##
#..@.....#
#..........#
#.........^#
#....c.....#
#..........#
#..........#
##.....$....
...........


You could see a centaur.

Vanquished Creatures
  2 hippogriffs (D:7)
  An orc warrior (D:7)
  A phantom (D:7)
  3 bullfrogs
  A water moccasin skeleton (D:3)
  2 howler monkeys (D:4)
  A crimson imp (D:5)
  4 hounds
  7 orc priests
  5 orc wizards
  4 iguanas
  3 worker ants (D:4)
  A big kobold zombie (Ossuary)
  2 mummies (Ossuary)
  A hound zombie (D:6)
  8 adders
  4 gnolls (D:4)
  A howler monkey skeleton (D:4)
  A shadow imp (D:7)
  4 adder zombies (Ossuary)
  5 worms
  A dart slug (D:1)
  A leopard gecko (D:2)
  28 orcs
  2 giant cockroaches (D:4)
  6 gnoll zombies (Ossuary)
  4 hobgoblins
  8 jackals
  12 kobolds
  A quokka (D:5)
  A ball python (D:3)
  6 bats
  2 frilled lizards (D:3)
  12 goblins
  3 hobgoblin zombies (Ossuary)
  6 kobold zombies (Ossuary)
  A leopard gecko skeleton (D:7)
  7 orc zombies (Ossuary)
  2 quokka skeletons (D:4)
  9 rats
173 creatures vanquished.

Vanquished Creatures (others)
  4 toadstools (D:6)
4 creatures vanquished.

Grand Total: 177 creatures vanquished

Notes
Turn   | Place    | Note
-------+----------+-------------------------------------------
     0 | Abyss:1  | kae the Demonspawn Abyssal Knight began the quest for the
                  | Orb.
     0 | Abyss:1  | Reached XP level 1. HP: 18/18 MP: 2/2
    14 | Abyss:1  | Found a corrupted altar of Lugonu.
    50 | Abyss:1  | Noticed a ynoxinul
    51 | D:1      | Escaped the Abyss
    89 | D:1      | Reached * piety under Lugonu
    89 | D:1      | Reached skill level 1 in Dodging
   157 | D:1      | Gained mutation: When hurt, damage is shared between your
                  | health and your magic reserves. [demonic ancestry]
   157 | D:1      | Reached XP level 2. HP: 20/24 MP: 4/4
   962 | D:2      | Reached XP level 3. HP: 17/29 MP: 5/5
  1456 | D:2      | Reached ** piety under Lugonu
  1620 | D:3      | Reached XP level 4. HP: 28/35 MP: 6/6
  2051 | D:3      | Reached XP level 5. HP: 21/42 MP: 4/7
  3219 | D:4      | Gained mutation: You have large cloven feet. [demonic
                  | ancestry]
  3219 | D:4      | Reached XP level 6. HP: 13/48 MP: 4/9
  4234 | D:4      | Reached *** piety under Lugonu
  4449 | D:4      | Reached XP level 7. HP: 15/55 MP: 5/10
  4808 | D:4      | Reached skill level 5 in Invocations
  5191 | D:5      | Entered Level 5 of the Dungeon
  5498 | D:5      | Found a sand-covered staircase.
  5511 | Ossuary  | Entered an ossuary
  5665 | Ossuary  | Reached skill level 5 in Maces & Flails
  6433 | D:6      | Got a jewelled ring mail
  6444 | D:6      | Identified the +4 ring mail "Fifuup" {rC+ Int+4 Dex+4} (You
                  | found it on level 6 of the Dungeon)
  6527 | D:6      | Found Surausoe's Weapon Shop.
  6586 | D:6      | Found a staircase to the Ecumenical Temple.
  6649 | D:6      | Found a radiant altar of Vehumet.
  6682 | D:6      | Reached **** piety under Lugonu
  7064 | D:7      | Reached skill level 5 in Fighting
  7064 | D:7      | Reached XP level 8. HP: 62/62 MP: 10/12
  7448 | D:7      | Noticed a hippogriff
  7465 | D:7      | Killed a hippogriff
  7599 | D:7      | Noticed a hippogriff
  7608 | D:7      | Killed a hippogriff
  8280 | D:8      | Reached skill level 5 in Armour
  8390 | D:8      | Shot with an arrow by a centaur

Levels and vault maps discovered:
D:1:      tarquinn_simple_flora_water_c, layout_loops_ring
D:2:      layout_basic
D:3:      layout_basic
D:4:      layout_basic
D:5:      layout_basic, first_ration, enter_ossuary_1, minmay_misc_feat_roman
D:6:      layout_basic, kennysheep_mini_moat, minmay_temple_entry_hall,
          serial_shops, shop_fountains, minmay_gold_behind_fungi,
          kennysheep_generic_room_13
D:7:      layout_loops_ring
D:8:      layout_rooms, minmay_another_anthill, uniq_joseph, uniq_psyche

Skill      XL: |  1  2  3  4  5  6  7  8 |
---------------+-------------------------+-----
Dodging        | 1 |  1.0
Maces & Flails | 2 3 4 5 7 |  7.0
Armour         | 2 3 4 5 |  5.0
Invocations    | 3 4 5 7 |  7.1
Fighting       | 4 5 |  5.9

Action                   |  1- 3 |  4- 6 |  7- 9 || total
-------------------------+-------+-------+-------++-------
Melee: Mace              |   101 |   271 |   313 ||   685
       Kick              |       |    31 |   118 ||   149
Invok: Depart the Abyss  |     1 |       |       ||     1
       Bend Space        |       |       |     3 ||     3
  Use: Scroll            |     6 |       |    14 ||    20
       Potion            |     1 |     1 |     4 ||     6
 Stab: Sleeping          |     1 |       |       ||     1
       Invisible         |       |     1 |       ||     1
  Eat: Chunk             |     2 |    10 |     9 ||    21
       Ration            |       |       |     1 ||     1
Armor: Leather armour    |    15 |       |       ||    15
       Scale mail        |     8 |   127 |    46 ||   181
       Ring mail         |       |       |   115 ||   115
Dodge: Dodged            |    62 |   137 |   185 ||   384

Table legend:
 A = Non-vault XP
 B = Vault XP
 C = Vault XP percentage of total XP
 D = Non-vault monster count
 E = Vault monster count
 F = Vault count percentage of total count
                 A         B        C        D         E       F
            +---------+---------+-------+---------+---------+-------
      Total |    2597 |     116 |   4.3 |     144 |      29 |  16.8
            +---------+---------+-------+---------+---------+-------
        D:1 |      34 |       0 |   0.0 |      18 |       0 |   0.0
        D:2 |      80 |       0 |   0.0 |      18 |       0 |   0.0
        D:3 |     221 |       0 |   0.0 |      34 |       0 |   0.0
        D:4 |     490 |       0 |   0.0 |      31 |       0 |   0.0
        D:5 |      53 |       0 |   0.0 |       3 |       0 |   0.0
        D:6 |     208 |       0 |   0.0 |       7 |       0 |   0.0
        D:7 |    1501 |       0 |   0.0 |      29 |       0 |   0.0
        D:8 |      10 |       0 |   0.0 |       4 |       0 |   0.0
    Ossuary |       0 |     116 | 100.0 |       0 |      29 | 100.0
            +---------+---------+-------+---------+---------+-------
